AoeStats
← 极地沙尘暴

Arabia

508030921Analyzed
2v2 RM · 11d ago on Sep 20, 2026· 37m 54s· 4 players
Game mode
Random Map
Map size
Medium (4 player)
Population
200
Speed
Normal
Resources
Standard
Victory
Conquest
Starting age
Dark Age
Ending age
Imperial Age
RankedLock teamsTeams togetherTeam positionsShared explorationLock speedFull tech treeHidden civsTurbo modeCheats
Victory
Defeat
🇦🇷 Huns · Argentina
1406
+14
🇦🇷 Spanish · Argentina
1320
+18
🇨🇳 Mapuche · China
1364
-16
🇨🇳 Britons · China
1363
-16
Ricardo Arjona
6:14 Loom
9:31 Feudal Age
10:18 Double-Bit Axe
20:50 Castle Age
19:11 Scale Barding Armor
19:11 Horse Collar
20:33 Bloodlines
20:26 Gold Mining
21:47 Bow Saw
22:03 Forging
23:38 Husbandry
25:14 Wheelbarrow
30:37 Town Watch
31:35 Chain Barding Armor
32:09 Hand Cart
37:05 Imperial Age
34:46 Stone Mining
36:14 Heavy Plow
36:50 Iron Casting
36:38 Fletching
37:12 Ballistics
38:23 Plate Barding Armor
37:10 Cavalier
38:14 Conscription
Busco señora que cobre PUAM
4:54 Loom
4:57 Loom
8:06 Feudal Age
14:20 Fletching
18:27 Town Watch
20:03 Wheelbarrow
23:26 Castle Age
22:44 Padded Archer Armor
22:35 Double-Bit Axe
23:45 Gold Mining
23:32 Crossbowman
24:34 Bodkin Arrow
24:02 Elite Skirmisher
26:07 Ballistics
30:25 Leather Archer Armor
31:56 Bow Saw
39:33 Imperial Age
38:18 Town Patrol
38:34 Hand Cart
剃刀割猪头
6:38 Loom
8:56 Feudal Age
9:45 Double-Bit Axe
10:15 Champi Runner
14:01 Horse Collar
20:28 Castle Age
18:52 Fletching
19:08 Gold Mining
19:43 Padded Archer Armor
21:48 Bodkin Arrow
28:04 Bow Saw
31:47 Wheelbarrow
31:16 Heavy Plow
极地沙尘暴
6:01 Loom
8:48 Feudal Age
9:28 Double-Bit Axe
11:26 Horse Collar
16:35 Fletching
19:04 Padded Archer Armor
20:17 Wheelbarrow
25:22 Castle Age
24:29 Gold Mining
25:29 Crossbowman
26:07 Bodkin Arrow
28:10 Bow Saw
29:37 Leather Archer Armor
31:55 Hand Cart
34:03 Ballistics
Connection lost

Rejoining the realm…

Still unreachable

The connection could not be restored.

Session expired

The server has moved on; the page needs a fresh start.